 Dungeon Crawl Stone Soup version 0.31-a0-690-g7ce4588941 (webtiles) character file.

Game seed: 4786292961702644735

35 stefukn the Trooper (level 3, -5/40 HPs)
             Began as an Ogre Berserker on Sept 6, 2023.
             Was a Follower of Trog.
             Slain by Terence
             ... wielding a +1 flail of protection
              (6 damage)
             ... on level 2 of the Dungeon.
             The game lasted 00:05:02 (677 turns).

stefukn the Trooper (Ogre Berserker)                 Turns: 677, Time: 00:05:03

Health: -5/40      AC:  3    Str: 23    XL:     3   Next: 35%
Magic:  3/3        EV: 10    Int:  8    God:    Trog [*.....]
Gold:   78         SH:  0    Dex:  8    Spells: 2/2 levels left

rFire   . . .        e - +0 war axe
rCold   . . .        (no shield)
rNeg    . . .        b - +0 animal skin
rPois   .            (helmet restricted)
rElec   .            (no cloak)
rCorr   .            (gloves unavailable)
SInv    .            (boots unavailable)
Will    .....        (no amulet)
Stlth   +            (no ring)
HPRegen 0.26/turn    (no ring)
MPRegen 0.08/turn

%: no passive effects
@: no status effects
A: large, unfitting armour, tough skin 1
a: Renounce Religion, Berserk


You were on level 2 of the Dungeon.
You worshipped Trog.
Trog was aware of your devotion.
You visited 1 branch of the dungeon, and saw 2 of its levels.

You collected 78 gold pieces.

Inventory:

Hand Weapons
 a - a +0 hand axe
 e - a +0 war axe (weapon)
Armour
 b - a +0 animal skin (worn)
 h - a +2 helmet
Scrolls
 c - a scroll of identify {unknown}
 d - a scroll of poison {unknown}
 f - a scroll of noise {unknown}
Potions
 g - a potion of enlightenment {unknown}


   Skills:
 + Level 4.5 Fighting
 + Level 3.6 Axes
 + Level 3.1 Dodging


You had 2 spell levels left.
You didn't know any spells.
Your spell library was empty.

Dungeon Overview and Level Annotations

Branches:
Dungeon (2/15)

Altars:

Annotations:
D:2 Terence


Innate Abilities, Weirdness & Mutations

You are too large for most types of armour.
You have tough skin. (AC +1)


Message History

You see here a hobgoblin corpse.
Found a runed helmet.
You see here a +2 helmet.
h - a +2 helmet
Found a quarterstaff.
A bat comes into view.
The bat closely misses you.
Terence the Incautious comes into view.
He is wielding a +1 flail of protection.
The bat closely misses you.
You miss the bat. The bat barely misses you.
Found a scroll labelled OKKADID VAXAUHA.
The bat hits you. The bat hits you but does no damage.
The bat attacks as it pursues you! The bat barely misses you.
The bat closely misses you. Terence hits you but does no damage.
You closely miss Terence. You closely miss the bat. The bat closely misses you.
Terence hits you with a +1 flail of protection.
You hit Terence.
Terence is lightly wounded.
You closely miss the bat. The bat hits you but does no damage.
Terence hits you with a +1 flail of protection!
The bat closely misses you.
You hit Terence but do no damage.
Terence is lightly wounded.
You barely miss the bat. The bat hits you but does no damage.
Terence hits you with a +1 flail of protection!
Terence barely misses you.
You hit Terence but do no damage.
Terence is lightly wounded.
You hit the bat. The bat hits you. The bat barely misses you.
Terence hits you with a +1 flail of protection!
* * * LOW HITPOINT WARNING * * *
The bat closely misses you. Terence attacks as he pursues you!
Terence hits you with a +1 flail of protection.
* * * LOW HITPOINT WARNING * * *
The bat hits you but does no damage. Terence attacks as he pursues you!
Terence hits you but does no damage. Terence attacks as he pursues you!
Terence hits you with a +1 flail of protection.
You die...

<.......## .........#
.........# .......
.........# ### #........
.........# #.# #........#
.........# #.# #.......?#
.........#####.# #........#
...............###........#
.#.....#######..@#........#
##.##### #.#b@........# #..
#.#.#...)..... ##..
#............. #.
....###..#...... ###.# #..#
##### #.#....# ........
#.##.#..##


You could see Terence and a bat.

Vanquished Creatures
  A dart slug (D:1)
  2 bats
  4 endoplasms
  2 giant cockroaches (D:1)
  5 goblins (D:1)
  2 hobgoblins
  3 kobolds (D:1)
  2 quokkas (D:1)
  4 ball pythons
  2 frilled lizards (D:1)
  5 rats
32 creatures vanquished.

Notes
Turn   | Place    | Note
-------+----------+-------------------------------------------
     0 | D:1      | stefukn the Ogre Berserker began the quest for the Orb.
     0 | D:1      | Reached XP level 1. HP: 24/24 MP: 1/1
   130 | D:1      | Reached XP level 2. HP: 26/32 MP: 2/2
   402 | D:1      | Reached XP level 3. HP: 35/40 MP: 3/3
   665 | D:2      | Noticed Terence
   674 | D:2      | HP: 1/40 [Terence/+1 flail of protection (6)]
   677 | D:2      | Slain by Terence

Illustrated notes

Levels and vault maps discovered:
D:1:      dpeg_arrival_shrine, layout_basic, chequers_serial_rivers_small_3,
          hangedman_feature_mirror
D:2:      layout_rooms, minivault_23, uniq_terence

Skill      XL: |  1  2 |
---------------+-------+-----
Dodging        | 3 |  3.1
Fighting       | |  4.5
Axes           | |  3.6

Action                     || total
---------------------------++-------
  Melee: Hand axe          ||    38
         War axe           ||    48
         Punch             ||     1
 Armour: Animal skin       ||    66
  Dodge: Dodged            ||    55

Table legend: (Time is in decaauts)
 A = Elapsed time spent in this place.
 B = Non-inter-level travel time spent in this place.
 C = Inter-level travel time spent in this place.
 D = Time resting spent in this place.
 E = Time spent auto-exploring this place.
 F = Levels seen in this place.
 G = Mean time per level.
                   A        B        C        D        E       F      G
               +--------+--------+--------+--------+--------+-----+--------+
         Total |    696 |    696 |      0 |      0 |      0 |   2 |  348.0 |
       Dungeon |    696 |    696 |      0 |      0 |      0 |   2 |  348.0 |
               +--------+--------+--------+--------+--------+-----+--------+

Top non-repeatable levels by time:
     D:1: 633 daAuts
     D:2: 63 daAuts
